 Dungeon Crawl Stone Soup version 0.22.1-2-g9c5b331383 (webtiles) character file.

176 Jerry the Skirmisher (level 5, 0/43 HPs)
             Began as a Merfolk Fighter on Nov 26, 2018.
             Killed from afar by an orc wizard (6 damage)
             ... with a puff of flame
             ... on level 3 of the Dungeon.
             The game lasted 00:04:09 (3320 turns).

Jerry the Skirmisher (Merfolk Fighter)              Turns: 3320, Time: 00:04:10

Health: 0/43       AC:  6    Str: 17    XL:     5   Next: 56%
Magic:  5/5        EV:  9    Int:  7    God:
Gold:   54         SH:  0    Dex: 14    Spells: 4/4 levels left

rFire    . . .     SeeInvis .   a - +0 long sword
rCold    + . .     Gourm    .   (no shield)
rNeg     . . .     Faith    .   b - +0 scale mail
rPois    .         Spirit   .   (no helmet)
rElec    .         Reflect  .   (no cloak)
rCorr    .         Harm     .   (no gloves)
MR       .....                  (no boots)
Stlth    ..........             (no amulet)
HPRegen  0.14/turn              i - ring of protection from cold
MPRegen  0.09/turn              (no ring)

@: confused
A: change form in water, swift swim, stealthy swim
a: no special abilities


You were on level 3 of the Dungeon.
You were very hungry.

You visited 1 branch of the dungeon, and saw 3 of its levels.

You collected 54 gold pieces.

Inventory:

Hand Weapons
 a - a +0 long sword (weapon)
 c - a +1 dagger of protection
Armour
 b - a +0 scale mail (worn)
Jewellery
 i - a ring of protection from cold (left hand)
Wands
 g - a wand of acid (4)
Scrolls
 d - a scroll of amnesia {unknown}
 e - a scroll of blinking {unknown}
 j - 2 scrolls of magic mapping {unknown}
 k - 3 scrolls of remove curse {unknown}
 n - a scroll of enchant armour {unknown}
Potions
 h - a potion of lignification {unknown}
 l - 3 potions of curing {unknown}
 m - 2 potions of flight {unknown}
Comestibles
 f - 5 rations


   Skills:
 + Level 4.6 Fighting
 + Level 3.8 Long Blades
 + Level 3.1 Armour
   Level 3.3 Shields


You had 4 spell levels left.
You didn't know any spells.
Your spell library was empty.

Dungeon Overview and Level Annotations

Branches:
Dungeon (3/15)

Altars:
Nemelex Xobeh


Message History

Something hits you.
You're too confused to move!
Something hits you. x2
You barely miss something.
You hear some strange, mumbled words.
Something tries to affect you, but you resist.
Something hits you but does no damage.
You hear some strange, mumbled words.
A magic dart appears from out of thin air!
The magic dart hits you!
You hear some strange, mumbled words.
A puff of flame appears from out of thin air!
The puff of flame hits you!
* * * LOW HITPOINT WARNING * * *
Something hits you but does no damage.
You closely miss something. Something hits you.
* * * LOW HITPOINT WARNING * * *
You hear some strange, mumbled words.
A puff of flame appears from out of thin air!
The puff of flame hits you!
You die...

.........#
.....###..###.#.#
.........#
##........>....#
.........# #.#.##.##..##
.........##
###...#....)..###
########..#
#........##.....#
##.######.............w.##
#.##...<.........#...#...
#....###{{......#.#..#...
###### #@......#._.#.#...
######...#.#......
#/...#.......
##.......#... #####.###...
#$...... ########


There were no monsters in sight!

Vanquished Creatures
  An orc wizard (D:2)
  7 adders (D:2)
  A shadow imp (D:2)
  An ooze (D:2)
  4 worms
  2 dart slugs
  2 orcs (D:2)
  2 giant cockroaches
  6 goblins
  7 hobgoblins
  7 kobolds
  2 quokkas (D:2)
  A ball python (D:2)
  6 bats
  3 frilled lizards
  9 rats
61 creatures vanquished.

Notes
Turn   | Place    | Note
-------+----------+-------------------------------------------
     0 | D:1      | Jerry the Merfolk Fighter began the quest for the Orb.
     0 | D:1      | Reached XP level 1. HP: 18/18 MP: 1/1
    98 | D:1      | Reached XP level 2. HP: 16/24 MP: 2/2
   795 | D:2      | Reached XP level 3. HP: 29/29 MP: 3/3
  1292 | D:2      | Reached XP level 4. HP: 29/37 MP: 4/4
  1294 | D:2      | Reached skill level 4 in Fighting
  1841 | D:2      | Found a sparkling altar of Nemelex Xobeh.
  2166 | D:2      | Reached XP level 5. HP: 30/42 MP: 5/5
  2856 | D:3      | Found a faded altar of an unknown god.
  3320 | D:3      | Killed from afar by an orc wizard

Skill      XL: |  1  2  3  4  5 |
---------------+----------------+-----
Long Blades    | 3 |  3.8
Fighting       | 4 |  4.6
Armour         | 3 |  3.1
Shields        | |  3.3

Action                   |  1- 3 |  4- 6 || total
-------------------------+-------+-------++-------
Melee: Long sword        |   114 |   129 ||   243
  Use: Potion            |       |     1 ||     1
  Eat: Chunk             |     1 |     6 ||     7
Armor: Scale mail        |    60 |    88 ||   148
Dodge: Dodged            |    49 |    67 ||   116
Block: Shield            |    36 |       ||    36
       Rpst.: Long sword |    21 |    19 ||    40
